 Dungeon Crawl Stone Soup version 0.30.0 (webtiles) character file.

Game seed: 4189553233361054363

5117 BubbleThief the Basher (level 10, -3/102 HPs)
             Began as a Naga Cinder Acolyte on May 6, 2023.
             Was a High Priest of Ignis.
             Slain by a two-headed ogre
             ... wielding a +0 giant spiked club
              (11 damage)
             ... on level 9 of the Dungeon.
             The game lasted 00:16:55 (8713 turns).

BubbleThief the Basher (Naga Cinder Acolyte)        Turns: 8713, Time: 00:16:56

Health: -3/102     AC: 19    Str: 30    XL:     10   Next: 58%
Magic:  14/14      EV:  9    Int: 14    God:    Ignis [*****.]
Gold:   223        SH:  0    Dex: 11    Spells: 10/15 levels left

rFire   + + .        a - +11 whip of the Big Bang {heavy, Drain Will+ rCorr Dex+4}
rCold   + + .        (no shield)
rNeg    . . .        E - +2 robe {rF+}
rPois   +            (no helmet)
rElec   +            z - +0 cloak
rCorr   +            y - +0 pair of gloves
SInv    +            (no barding)
Will    ++...        G - amulet of Wuots {RegenMP rElec rC++ Regen+ Str+3 Slay-3}
Stlth   +            f - +4 ring of protection
HPRegen 1.17/turn    C - +6 ring of strength
MPRegen 0.54/turn

%: no passive effects
@: fiery-armoured, very slow
A: AC +3, large, see invisible, deformed body, poison resistance, slowness 2,
spit poison 1, naga tail 1
a: Spit Poison, Renounce Religion, Fiery Armour, Foxfire Swarm


You were on level 9 of the Dungeon.
You worshipped Ignis.
Ignis was extremely pleased with you.
You visited 1 branch of the dungeon, and saw 9 of its levels.
You also visited: Sewer.

You collected 424 gold pieces.
You spent 201 gold pieces at shops.

Inventory:

Hand Weapons
 a - the +11 whip of the Big Bang (weapon) {heavy, Drain Will+ rCorr Dex+4}
   (You found it on level 4 of the Dungeon)

   Dex:       It affects your dexterity (+4).
   rCorr:     It protects you from acid and corrosion.
   Drain:     It drains your maximum health when unequipped.
   Will:      It increases your willpower.
Armour
 y - a +0 pair of gloves (worn)
 z - a +0 cloak (worn)
 E - a +2 robe of fire resistance (worn)
 K - a +2 robe of cold resistance
Jewellery
 b - a ring of protection from fire
 f - a +4 ring of protection (left hand)
 v - a ring of flight
 C - a +6 ring of strength (right hand)
 F - a ring of ice
 G - the amulet of Wuots (around neck) {RegenMP rElec rC++ Regen+ Str+3 Slay-3}
   (You bought it in a shop on level 7 of the Dungeon)

   [amulet of magic regeneration]

   It increases your rate of magic regeneration.
   Str:       It affects your strength (+3).
   Slay:      It affects your accuracy & damage with ranged weapons and melee
   (-3).
   rC:        It greatly protects you from cold.
   rElec:     It insulates you from electricity.
   Regen:     It increases your rate of health regeneration.
Wands
 n - a wand of acid (6)
 B - a wand of flame (11)
Scrolls
 d - 2 scrolls of poison
 h - a scroll of magic mapping
 i - 4 scrolls of amnesia {unknown}
 k - 8 scrolls of identify {unknown}
 m - 5 scrolls of teleportation {unknown}
 o - a scroll of vulnerability {unknown}
 p - a scroll of fog {unknown}
 u - 3 scrolls of fear {unknown}
 A - a scroll of torment {unknown}
 J - 2 scrolls of summoning {unknown}
 L - a scroll of enchant armour {unknown}
Potions
 c - 2 potions of haste
 e - 5 potions of mutation {unknown}
 g - 4 potions of curing
 j - 4 potions of attraction {unknown}
 l - a potion of ambrosia {unknown}
 q - a potion of cancellation {unknown}
 r - 2 potions of magic {unknown}
 s - 4 potions of heal wounds {unknown}
 t - 2 potions of brilliance
 w - 2 potions of resistance {unknown}
 x - a potion of berserk rage {unknown}
 D - a potion of might {unknown}
 H - a potion of lignification {unknown}
 I - a potion of invisibility {unknown}


   Skills:
 + Level 10.0 Fighting
 - Level 12.0 Maces & Flails
 - Level 3.0 Spellcasting
 - Level 3.0 Fire Magic


You had 10 spell levels left.
You knew the following spells:

 Your Spells              Type           Power      Damage    Failure   Level
a - Scorch                Fire           20%        2d5       10%         2
b - Mephitic Cloud        Conj/Pois/Air  2%         N/A       54%         3

Your spell library contained the following spells:

 Spells                   Type           Power      Damage    Failure   Level
 Magic Dart               Conj           8%         1d3       22%         1
 Sting                    Tmut/Pois      8%         1d3       22%         1
 Summon Small Mammal      Summ           8%         N/A       22%         1
 Call Imp                 Summ           4%         N/A       32%         2
 Ensorcelled Hibernation  Hex/Ice        4%         N/A       32%         2
 Passwall                 Tmut/Erth      1%         N/A       32%         2
 Poisonous Vapours        Pois/Air       4%         N/A       32%         2
 Call Canine Familiar     Summ           2%         N/A       54%         3
 Spider Form              Tmut/Pois      2%         N/A       54%         3
 Summon Guardian Golem    Hex/Summ       2%         N/A       54%         3
 Swiftness                Air            2%         N/A       54%         3
 Anguish                  Hex/Necr       1%         N/A       91%         4
 Olgreb's Toxic Radiance  Pois           2%         N/A       91%         4
 Summon Forest            Summ/Tloc      1%         N/A       99%         5
 Summon Mana Viper        Hex/Summ       2%         N/A       99%         5
 Summon Cactus Giant      Summ           1%         N/A       100%        6


Dungeon Overview and Level Annotations

Branches:
Dungeon (9/15)             Temple (0/1) D:7           Sewer (visited)
   Lair: D:8-11         Orc: D:9-12

Altars:
Elyvilon
Sif Muna
Zin
The Shining One

Shops:
D:7 [*


Innate Abilities, Weirdness & Mutations

Your serpentine skin is tough. (AC +3)
You have supernaturally acute eyesight. (SInv)
Armour fits poorly on your strangely shaped body.
Your system is resistant to poisons. (rPois)
You cover ground very slowly.
You can spit poison.
You have a snake-like lower body.


Message History

The hornet is heavily wounded.
Unknown command.
Unknown command.
You closely miss the hornet.
The hornet is heavily wounded.
The hornet barely misses you.
The two-headed ogre hits you with a +0 giant spiked club!
The two-headed ogre hits you with a +0 giant club.
The two-headed ogre is burned by your cloak of flames.
The two-headed ogre is severely wounded.
The hornet barely misses you.
The orc warrior shoots a bolt.
The bolt hits you!
Unknown command.
Okay, then.
You whack the hornet!
The hornet is almost dead.
The hornet stings you but does no damage.
The two-headed ogre hits you with a +0 giant spiked club!
The two-headed ogre is burned by your cloak of flames.
The two-headed ogre is severely wounded.
The two-headed ogre hits you with a +0 giant club!
* * * LOW HITPOINT WARNING * * *
The two-headed ogre is burned by your cloak of flames.
The two-headed ogre is almost dead.
The hornet stings you but does no damage.
The hornet is burned by your cloak of flames.
The hornet is almost dead.
You completely miss the hornet. Your punch misses the hornet.
The hornet is almost dead.
You feel yourself speed up. The hornet stings you!
* * * LOW HITPOINT WARNING * * *
The hornet is burned by your cloak of flames.
The hornet is almost dead.
The orc warrior unwields a +0 arbalest.
The orc warrior wields a +0 dire flail.
The orc warrior hits you with a +0 dire flail.
* * * LOW HITPOINT WARNING * * *
The orc warrior is burned by your cloak of flames.
The orc warrior is lightly wounded.
The two-headed ogre hits you with a +0 giant spiked club!
You die...

# .# # ###. #
##. .#. .##
#..###..
###..# #..#..
.#..# #
#.Oy###).o##
)# #. #@o#..#
.#.#
..###...###..#
#..#..#..#..#
#...###...#
###..#.†###
#####...###
#...#'')#.#
#......)..#
#####..))<#


You could see a two-headed ogre, a hornet and an orc warrior.

Vanquished Creatures
  Maggie (D:6)
  Psyche (D:8)
  A hornet (D:8)
  3 wraiths
  A vampire (D:7)
  2 yaks
  A steam dragon (D:9)
  An acid dragon (D:9)
  Edmund (D:4)
  A water moccasin (D:6)
  An orc warrior (D:6)
  2 ice beasts (D:6)
  2 sky beasts
  2 black bears (D:6)
  An ogre (D:4)
  A centaur (D:9)
  2 kobold brigands
  2 bullfrogs (D:9)
  2 scorpions (D:6)
  7 wights
  10 killer bees
  2 howler monkeys (D:6)
  7 hounds
  7 jellies
  A gnoll bouda (D:9)
  6 iguanas
  6 orc wizards
  8 adders
  2 river rats (D:4)
  A shadow imp (D:8)
  A white imp (D:8)
  5 worms
  2 dart slugs
  18 orcs
  13 ball pythons
  14 endoplasms
  4 giant cockroaches
  7 goblins
  8 hobgoblins
  A quokka (D:4)
  10 bats
  6 frilled lizards
  11 kobolds
  14 rats
199 creatures vanquished.

Vanquished Creatures (others)
  8 plants (D:3)
8 creatures vanquished.

Grand Total: 207 creatures vanquished

Notes
Turn   | Place    | Note
-------+----------+-------------------------------------------
     0 | D:1      | BubbleThief the Naga Cinder Acolyte began the quest for the
                  | Orb.
     0 | D:1      | Reached XP level 1. HP: 21/21 MP: 2/2
   185 | D:1      | Reached XP level 2. HP: 26/28 MP: 3/3
   188 | D:1      | Learned a level 2 spell: Scorch
   300 | D:1      | Found a faded altar of an unknown god.
   890 | D:2      | Reached XP level 3. HP: 34/34 MP: 5/5
  1431 | D:2      | Reached XP level 4. HP: 43/43 MP: 7/7
  2371 | D:3      | Found a glowing golden altar of the Shining One.
  2947 | D:4      | Reached skill level 4 in Maces & Flails
  2947 | D:4      | Reached XP level 5. HP: 47/50 MP: 1/8
  3059 | D:4      | Identified the +1 ring mail of Lethargy {rF- Dex+6}
  3193 | D:4      | Found a glowing drain.
  3199 | Sewer    | Entered a sewer
  3233 | Sewer    | Reached XP level 6. HP: 52/58 MP: 7/10
  3581 | Sewer    | Found a shimmering altar of Xom.
  3630 | Sewer    | Reached skill level 5 in Fighting
  3651 | Sewer    | Reached skill level 5 in Maces & Flails
  3837 | D:4      | Noticed Edmund
  3845 | D:4      | Killed Edmund
  3846 | D:4      | Reached XP level 7. HP: 48/67 MP: 2/11
  4027 | D:4      | Identified the +11 whip of the Big Bang {heavy, Drain Will+
                  | rCorr Dex+4}
  4384 | D:4      | Found a shimmering blue altar of Sif Muna.
  4493 | D:5      | Entered Level 5 of the Dungeon
  4671 | D:5      | Reached skill level 6 in Maces & Flails
  5053 | D:6      | Noticed Maggie
  5161 | D:6      | Reached XP level 8. HP: 76/76 MP: 9/12
  5178 | D:6      | Noticed a wraith
  5191 | D:6      | Killed a wraith
  5192 | D:6      | Reached skill level 7 in Maces & Flails
  5200 | D:6      | Noticed a yak
  5218 | D:6      | Reached skill level 8 in Maces & Flails
  5427 | D:5      | Killed a yak
  5764 | D:6      | Reached XP level 9. HP: 85/86 MP: 10/13
  5768 | D:6      | Learned a level 3 spell: Mephitic Cloud
  5813 | D:6      | Reached skill level 9 in Maces & Flails
  5915 | D:6      | Killed Maggie
  6309 | D:6      | Reached skill level 10 in Maces & Flails
  6996 | D:7      | Found Nitytsud's Antique Armour Emporium.
  7006 | D:7      | Bought a glowing robe for 66 gold pieces
  7156 | D:7      | Found a staircase to the Ecumenical Temple.
  7176 | D:7      | Found a glowing silver altar of Zin.
  7217 | D:7      | Reached skill level 11 in Maces & Flails
  7217 | D:7      | Reached XP level 10. HP: 96/98 MP: 14/14
  7655 | D:7      | Found Xicyzoy's Assorted Antiques.
  7658 | D:7      | Bought a fine ruby amulet for 135 gold pieces
  7658 | D:7      | Identified the amulet of Wuots {RegenMP rElec rC++ Regen+
                  | Str+3 Slay-3} (You bought it in a shop on level 7 of the
                  | Dungeon)
  7894 | D:8      | Found a white marble altar of Elyvilon.
  8141 | D:8      | Noticed Psyche
  8150 | D:8      | Killed Psyche
  8651 | D:9      | Reached skill level 12 in Maces & Flails
  8695 | D:9      | Reached skill level 10 in Fighting
  8705 | D:9      | Noticed a two-headed ogre
  8713 | D:9      | Slain by a two-headed ogre

Illustrated notes

Levels and vault maps discovered:
D:1:      dpeg_arrival_subterranean_lakeside_camping, layout_loops_ring,
          hellmonk_ecumenical_altar_arch_garden
D:2:      layout_basic
D:3:      layout_basic, mainiacjoe_overflow_24_doors, chequers_big_river,
          serial_bayou_lake_a
D:4:      layout_rooms, mainiacjoe_overflow_six_doors_small,
          portal_sewer_entry_e, kennysheep_small_spiral, uniq_edmund
D:5:      layout_rooms
D:6:      cheibrodos_fzero, layout_loops_cross, uniq_maggie
D:7:      layout_basic, mainiacjoe_overflow_paths,
          minmay_temple_entry_large_hall, serial_shops, shop,
          kennysheep_mini_moat
D:8:      layout_basic, mainiacjoe_overflow_concentric_impassable, uniq_psyche
D:9:      layout_irregular_city, mainiacjoe_overflow_surrounded_room, trog_book,
          kennysheep_kite_vault

Skill      XL: |  1  2  3  4  5  6  7  8  9 10 |
---------------+-------------------------------+-----
Spellcasting   | 2 3 |  3.0
Fighting       | 4 5 6 7 8 10 | 10.0
Maces & Flails | 4 5 6 8 11 12 | 12.0
Fire Magic     | |  3.0

Action                     |  1- 3 |  4- 6 |  7- 9 | 10-12 || total
---------------------------+-------+-------+-------+-------++-------
  Melee: Mace              |    40 |    78 |       |       ||   118
         Whip              |       |       |   144 |    77 ||   221
         Flail             |       |       |     3 |       ||     3
   Cast: Scorch            |    18 |    57 |    33 |     1 ||   109
 Invoke: Fiery Armour      |       |       |     2 |     1 ||     3
         Rising Flame      |       |       |     1 |       ||     1
Ability: Spit Poison       |    25 |    42 |    21 |     1 ||    89
  Evoke: Wand              |       |       |     1 |       ||     1
    Use: Scroll            |       |     3 |     1 |       ||     4
   Stab: Sleeping          |       |       |     1 |       ||     1
 Armour: Robe              |    24 |    55 |    41 |    54 ||   174
         Acid dragon scale |       |       |    35 |       ||    35
  Dodge: Dodged            |    31 |    62 |    54 |    35 ||   182
